 Dungeon Crawl Stone Soup version 0.16-a0-4115-ga5ed934 (webtiles) character file.

1211 abixa the Cleaver (level 8, 0/62 HPs)
             Began as a Hill Orc Gladiator on Mar 1, 2015.
             Was a Believer of Qazlal.
             Killed by divine providence
             ... invoked by an orc priest
              (13 damage)
             ... on level 6 of the Dungeon.
             The game lasted 00:17:12 (6891 turns).

abixa the Cleaver (Hill Orc Gladiator)              Turns: 6891, Time: 00:17:13

Health: 0/62       AC: 16    Str: 20    XL:     8   Next: 46%
Magic:  8/8        EV:  7    Int:  8    God:    Qazlal [**....]
Gold:   284        SH:  2    Dex: 11    Spells: 0 memorised, 7 levels left

rFire  . . .     SeeInvis .     a - +0 war axe
rCold  . . .     Clarity  .     k - +0 plate armour
rNeg   . . .     SustAb   .     (no shield)
rPois  .         Gourm    .     c - +0 helmet
rElec  .         Spirit   .     D - +0 cloak
rCorr  .         Warding  .     (no gloves)
rMut   .         Stasis   .     (no boots)
MR     .....                    (no amulet)
Stlth  ..........               t - ring of wizardry
                                r - ring of stealth

@: slowed, very slow, not resistant to hostile enchantments, extremely
unstealthy
A: no striking features
a: Upheaval, Renounce Religion, Convert to Beogh


You were on level 6 of the Dungeon.
You worshipped Qazlal.
Qazlal was pleased with you.
You were not hungry.

You visited 2 branches of the dungeon, and saw 7 of its levels.

You collected 284 gold pieces.

Inventory:

Hand weapons
 a - a +0 war axe (weapon)
 y - a +0 blowgun
 B - a +0 hunting sling
 E - a +0 halberd
 F - a +2 flail of venom
Missiles
 b - 13 poisoned needles
 d - 3 throwing nets
 e - 41 sling bullets
 m - 147 stones (quivered)
 s - 4 needles of confusion
 x - 5 tomahawks
Armour
 c - a +0 helmet (worn)
 k - a +0 plate armour (worn)
 D - a +0 cloak (worn)
 G - a +0 chain mail
 L - the +0 leather armour of Experimentation {rElec rF+ MR- MP+9 Dex-4, unknown}
   (You found it on level 6 of the Dungeon)

   It affects your dexterity (-4).
   It protects you from fire.
   It insulates you from electricity.
   It affects your resistance to hostile enchantments.
   It affects your magic capacity (+9).
Jewellery
 r - a ring of stealth (left hand)
 t - a ring of wizardry (right hand)
Magical devices
 w - a wand of slowing (28)
Scrolls
 j - 9 scrolls of identify {unknown}
 n - 3 scrolls of fear {unknown}
 o - 2 scrolls of enchant armour {unknown}
 q - 3 scrolls of remove curse {unknown}
 u - a scroll of fog {unknown}
 C - a scroll of random uselessness {unknown}
 H - a scroll of amnesia {unknown}
 I - a scroll of magic mapping {unknown}
Potions
 h - 2 potions of magic {unknown}
 i - a potion of ambrosia {unknown}
 p - 2 potions of lignification {unknown}
 z - a potion of resistance {unknown}
 A - a potion of curing {unknown}
 K - a potion of heal wounds {unknown}
 M - a potion of might {unknown}
Comestibles
 f - 5 meat rations
 g - 2 beef jerkies
 l - a royal jelly
 v - 2 bread rations
 J - 2 slices of pizza
 N - 2 chunks of flesh


   Skills:
 - Level 2.4 Fighting
 + Level 9.8 Axes
 - Level 2.0 Throwing
 + Level 7.6 Armour
 - Level 2.4 Dodging


You had 7 spell levels left.
You didn't know any spells.

Dungeon Overview and Level Annotations

Branches:
Dungeon (6/15)             Temple (1/1) D:5

Altars:
Ashenzari
Cheibriados
Dithmenos
Elyvilon
Makhleb
Okawaru
Qazlal
Sif Muna
Trog
Vehumet
Xom
Yredelemnul
Zin
The Shining One

Shops:
D:6 :*=*


Message History

Something smites you! The orc wizard hits you with a flail.
You are too injured to fight recklessly!
You are too injured to fight recklessly!
The orc wizard casts a spell at you. The magic dart hits you!
The orc wizard casts a spell at you. The magic dart hits you!
The orc wizard hits you but does no damage.
The orc priest calls down the wrath of Beogh upon you.
Something smites you!
* * * LOW HITPOINT WARNING * * *
The orc wizard points at you and mumbles some strange words.
You feel yourself slow down.
The orc wizard casts a spell.
The orc wizard blinks!
The orc wizard casts a spell at you. The magic dart hits you!
The orc priest invokes the aid of Beogh against you.
Something smites you!
You die...

.....).......# .##
.....#.####.........##
...†∩#.## .##.#....#
..%..#..## ..#...#..
.....##..## #.#.....#
.....###..###.#.....#
................<...#
.....##.....o.......#
..≈≈≈###......#..@#.#
.≈≈≈≈o
#####....§...###
.≈≈o... ##.##.o....#
≈≈o #.##......#
#.###r....#
#.........####
##...o........
##.....###### ###.###


You could see an orc priest, an orc wizard, an orc and a rat.

Vanquished Creatures
  A phantom (D:4)
  A sky beast (D:5)
  A black bear (D:5)
  A giant frog (D:4)
  A crimson imp (D:6)
  3 orc priests
  A hound (D:6)
  9 orc wizards
  A hell rat (D:5)
  2 worker ants (D:4)
  2 iguanas
  11 adders
  3 gnolls (D:4)
  10 river rats (D:5)
  A shadow imp (D:5)
  2 worms (D:3)
  An adder skeleton (D:4)
  6 giant geckos
  2 oozes (D:2)
  29 orcs
  13 bats
  A bat skeleton (D:5)
  A bat zombie (D:5)
  5 giant cockroaches
  5 goblins
  10 hobgoblins
  2 jackals (D:4)
  8 kobolds
  8 quokkas
  4 ball pythons
  6 giant newts
  A quokka skeleton (D:6)
  33 rats
185 creatures vanquished.

Notes
Turn   | Place    | Note
--------------------------------------------------------------
     0 | D:1      | abixa, the Hill Orc Gladiator, began the quest for the Orb.
     0 | D:1      | Reached XP level 1. HP: 18/18 MP: 1/1
   127 | D:1      | Reached XP level 2. HP: 25/25 MP: 2/2
   692 | D:2      | Reached skill level 5 in Axes
   715 | D:2      | Reached skill level 1 in Armour
   732 | D:2      | Reached XP level 3. HP: 14/30 MP: 3/3
  1253 | D:2      | Reached XP level 4. HP: 17/37 MP: 4/4
  2499 | D:3      | Reached XP level 5. HP: 27/42 MP: 5/5
  3167 | D:3      | Reached skill level 6 in Axes
  3218 | D:4      | Reached XP level 6. HP: 41/50 MP: 6/6
  4290 | D:4      | Reached skill level 7 in Axes
  4290 | D:4      | Reached skill level 5 in Armour
  4740 | D:4      | Reached XP level 7. HP: 35/56 MP: 7/7
  5148 | D:5      | Entered Level 5 of the Dungeon
  5187 | D:4      | Reached skill level 8 in Axes
  5458 | D:5      | Found a staircase to the Ecumenical Temple.
  5467 | Temple   | Entered the Ecumenical Temple
  5691 | Temple   | Became a worshipper of Qazlal Stormbringer
  6041 | D:5      | Found a basalt altar of Yredelemnul.
  6042 | D:5      | Found a shadowy altar of Dithmenos.
  6105 | D:5      | Reached XP level 8. HP: 62/62 MP: 8/8
  6127 | D:5      | Reached skill level 9 in Axes
  6346 | D:5      | Acquired Qazlal's first power
  6567 | D:6      | Found Thosu's Book Emporium.
  6576 | D:6      | Got a faintly humming leather armour
  6578 | D:6      | Found Kazoano's General Store.
  6614 | D:6      | Found Praism's Assorted Antiques.
  6835 | D:6      | Acquired Qazlal's second power
  6849 | D:6      | Found Troathromya's Jewellery Boutique.
  6891 | D:6      | Killed from afar by an orc priest

Action                   |  1- 3 |  4- 6 |  7- 9 || total
-------------------------+-------+-------+-------++-------
Melee: War axe           |   117 |   281 |   341 ||   739
 Fire: Blowgun           |       |     5 |     1 ||     6
Throw: Stone             |       |    23 |     5 ||    28
       Throwing net      |       |     1 |       ||     1
 Stab: Sleeping          |       |     2 |       ||     2
  Eat: Chunk             |     1 |    11 |     8 ||    20
